[Event "Titled Tuesday Blitz April 25 Early 2023"]
[White "Tarnowska, Aleksandra"]
[Black "Matveeva, Olga"]
[WhiteFideId "1180967"]
[BlackFideId "24107018"]
[WhiteElo "1776"]
[BlackElo "2056"]
[Result "0-1"]
[Round "08"]
[TimeControl "180+2"]
[Date "2023.04.25"]
[WhiteClock "0:00:04"]
[BlackClock "0:00:33"]

1. e4 e6 2. d4 d5 3. Nd2 c5 4. exd5 Qxd5 5. Ngf3 cxd4 6. Bc4 Qd6 7. O-O Nf6 8. Nb3 Nc6 9. Nbxd4 Nxd4 10. Qxd4 Qxd4 11. Nxd4 Bc5 12. Nb5 O-O 13. c3 a6 14. Nc7 Ra7 15. Rd1 b5 16. Nxb5 axb5 17. Bxb5 Ne4 18. Rf1 Rd8 19. Bc6 Nxf2 20. Bg5 Nh3+ 21. Kh1 Nxg5 22. b4 Be3 23. a4 Bb7 24. Bxb7 Rxb7 25. a5 Ne4 26. a6 Rb6 27. a7 Ra8 28. Rf3 Nf2+ 29. Kg1 Ng4+ 30. Kh1 Rb7 31. h3 Rbxa7 32. Rxa7 Rxa7 33. hxg4 Bb6 34. c4 Ra1+ 35. Kh2 Rb1 36. b5 Kf8 37. g3 Ke7 38. Rd3 Bc5 39. Kg2 Rb2+ 40. Kf3 f5 41. gxf5 exf5 42. Rd5 Rf2# 0-1


[Site "https://www.chess.com"]

[Event "Titled Tuesday Blitz April 25 Early 2023"]
[White "Torres Dominguez, David"]
[Black "Tarasova, Viktoriya"]
[WhiteFideId "2220857"]
[BlackFideId "4175840"]
[WhiteElo "1999"]
[BlackElo "2182"]
[Result "0-1"]
[Round "08"]
[TimeControl "180+2"]
[Date "2023.04.25"]
[WhiteClock "0:00:10"]
[BlackClock "0:00:08"]

1. e4 c5 2. Nc3 e6 3. Nf3 Nc6 4. d4 cxd4 5. Nxd4 Qc7 6. Nxc6 bxc6 7. Bd3 d5 8. O-O Nf6 9. Re1 Bd6 10. exd5 Nxd5 11. Ne4 Bxh2+ 12. Kh1 Bf4 13. c4 Ne7 14. Bxf4 Qxf4 15. g3 Qc7 16. Qg4 Ng6 17. Qh5 h6 18. Qc5 Qb6 19. Nd6+ Kf8 20. Qxb6 axb6 21. Nxc8 Rxc8 22. Bxg6 fxg6 23. Rxe6 Kf7 24. Re3 Rhd8 25. Rae1 Rd2 26. R1e2 Rd4 27. b3 Rc7 28. Rf3+ Kg8 29. Re8+ Kh7 30. Rb8 Rd2 31. a4 b5 32. axb5 cxb5 33. Rxb5 g5 34. Rbf5 Re7 35. Kg2 Re1 36. Rf7 g4 37. R3f4 h5 38. Rb7 Rdd1 39. f3 Rd2# 0-1


[Site "https://www.chess.com"]

[Event "Titled Tuesday Blitz April 25 Early 2023"]
[White "Buscar, Michael"]
[Black "Winkels, Marcel"]
[WhiteFideId "2603616"]
[BlackFideId "1003887"]
[WhiteElo "2010"]
[BlackElo "1900"]
[Result "1-0"]
[Round "08"]
[TimeControl "180+2"]
[Date "2023.04.25"]
[WhiteClock "0:00:06"]
[BlackClock "0:00:01"]

1. Nf3 Nf6 2. c4 g6 3. g3 Bg7 4. Bg2 O-O 5. O-O c6 6. d4 d5 7. b3 Bf5 8. Bb2 dxc4 9. bxc4 Qb6 10. Qb3 Nbd7 11. Nc3 a5 12. Rfd1 a4 13. Qa3 Rfe8 14. Nh4 Be6 15. c5 Qa5 16. e4 Bc4 17. Rab1 b5 18. cxb6 e5 19. d5 cxd5 20. Nxd5 Bf8 21. Nxf6+ Nxf6 22. Qc3 Bxa2 23. Qxa5 Rxa5 24. Ra1 Bb3 25. Rdc1 Rb5 26. Nf3 Rxb6 27. Bxe5 Nd7 28. Bd4 Rb5 29. Nd2 Nb6 30. Nxb3 axb3 31. Rab1 Na4 32. Rc4 Nb6 33. Rc3 b2 34. Rc2 Na4 35. Bf1 Rb3 36. e5 Rb4 37. Rd2 Rd8 38. Bc3 1-0


[Site "https://www.chess.com"]

[Event "Titled Tuesday Blitz April 25 Early 2023"]
[White "White, John S."]
[Black "egorchess95"]
[WhiteFideId "2502348"]
[WhiteElo "2025"]
[BlackElo "2525"]
[Result "1/2-1/2"]
[Round "08"]
[TimeControl "180+2"]
[Date "2023.04.25"]
[WhiteClock "0:00:04"]
[BlackClock "0:00:19"]

1. e4 e6 2. d4 d5 3. Nc3 Bb4 4. e5 c5 5. a3 Bxc3+ 6. bxc3 Nc6 7. Qg4 g6 8. Bb5 Qa5 9. Bxc6+ bxc6 10. Bd2 Ba6 11. Ne2 Ne7 12. O-O Nf5 13. dxc5 h5 14. Qf3 Qxc5 15. Rfe1 O-O-O 16. Rab1 g5 17. h3 g4 18. hxg4 hxg4 19. Qxg4 Rdg8 20. Qb4 Qxb4 21. Rxb4 Nh4 22. Ng3 Kd7 23. Reb1 Nf5 24. Nxf5 exf5 25. g3 Ke6 26. Ra4 Bb5 27. Rxa7 Ra8 28. Rxa8 Rxa8 29. Rb3 Kxe5 30. f4+ Ke4 31. Kf2 Ra4 32. Rb4+ Rxb4 33. cxb4 Kd4 34. Kf3 Kc4 35. g4 fxg4+ 36. Kxg4 Ba4 37. Kf5 Bxc2+ 38. Kf6 Bg6 39. f5 Bh5 40. Kg5 Be2 41. Kf6 Bh5 42. Kg5 Bd1 43. Kf6 Kd3 44. Bc1 Ke4 45. Kxf7 Kxf5 46. Ke7 Ba4 47. Kd6 Ke4 48. Kc5 d4 49. Kc4 Bb5+ 50. Kb3 Kd3 51. a4 Ba6 52. Bh6 Ke2 53. Kc2 d3+ 54. Kc3 Bb7 55. b5 cxb5 56. axb5 Bd5 57. b6 Bb7 58. Bg5 Bh1 59. Bh6 Bb7 60. Bg5 Bh1 61. Bh6 Bb7 1/2-1/2


[Site "https://www.chess.com"]

[Event "Titled Tuesday Blitz April 25 Early 2023"]
[White "Albuquerque Junior,Wellington S."]
[Black "Molenda, Marcin"]
[WhiteFideId "2151480"]
[BlackFideId "1173065"]
[WhiteElo "2109"]
[BlackElo "2286"]
[Result "0-1"]
[Round "08"]
[TimeControl "180+2"]
[Date "2023.04.25"]
[WhiteClock "0:00:16"]
[BlackClock "0:01:53"]

1. c4 Nf6 2. g3 g6 3. Bg2 Bg7 4. Nc3 O-O 5. e4 e5 6. d3 Nc6 7. Nge2 d6 8. O-O Nd7 9. Be3 Nc5 10. d4 exd4 11. Nxd4 Ne6 12. Nde2 Rb8 13. Qd2 Re8 14. Rad1 a6 15. f4 b5 16. e5 Na5 17. Ba7 Nxc4 18. Qc1 Rb7 19. Bxb7 Bxb7 20. b3 Qa8 21. Bf2 Na5 22. f5 Bh1 23. Nf4 Nxf4 0-1


[Site "https://www.chess.com"]

[Event "Titled Tuesday Blitz April 25 Early 2023"]
[White "Womacka, Mathias"]
[Black "Fierz, Martin"]
[WhiteFideId "4611390"]
[BlackFideId "1302132"]
[WhiteElo "2377"]
[BlackElo "2277"]
[Result "1/2-1/2"]
[Round "08"]
[TimeControl "180+2"]
[Date "2023.04.25"]
[WhiteClock "0:00:31"]
[BlackClock "0:01:15"]

1. e4 c5 2. Nf3 e6 3. d4 cxd4 4. Nxd4 Nc6 5. Nc3 Qc7 6. Be3 a6 7. Bd3 Nf6 8. O-O Ne5 9. h3 Nxd3 10. cxd3 d6 11. Rc1 Qd7 12. Na4 Rb8 13. Nb6 Qd8 14. Nxc8 Rxc8 15. Qa4+ Nd7 16. Rxc8 Qxc8 17. Rc1 Qb8 18. Nb3 Be7 19. Bb6 Bd8 20. Bxd8 Qxd8 21. Na5 b5 22. Qb4 O-O 23. Qxd6 Qxa5 24. Qxd7 Qxa2 25. Rc8 g6 26. Rxf8+ Kxf8 27. Qd6+ Kg8 28. b4 Qe2 29. g3 h5 30. h4 Kg7 31. Kg2 Kg8 32. Qd8+ Kg7 33. Qd4+ Kg8 34. Qd8+ Kg7 35. Qd4+ Kg8 36. Qd8+ 1/2-1/2


[Site "https://www.chess.com"]

[Event "Titled Tuesday Blitz April 25 Early 2023"]
[White "Ordekalog"]
[Black "Barwinska, Ewa"]
[BlackFideId "21833761"]
[WhiteElo "2468"]
[BlackElo "1908"]
[Result "1-0"]
[Round "08"]
[TimeControl "180+2"]
[Date "2023.04.25"]
[WhiteClock "0:00:59"]
[BlackClock "0:00:05"]

1. e4 c5 2. d3 Nc6 3. g3 e6 4. Bg2 Nf6 5. f4 Be7 6. e5 Nd5 7. Nf3 d6 8. exd6 Qxd6 9. O-O O-O 10. Na3 Bf6 11. Nc4 Qc7 12. a4 a6 13. c3 Bd7 14. a5 b5 15. axb6 Nxb6 16. Nfd2 a5 17. Nxb6 Qxb6 18. Nc4 Qc7 19. Be3 Be7 20. Qd2 Rab8 21. Qf2 Rb5 22. Be4 Nd8 23. f5 exf5 24. Bxf5 Bxf5 25. Qxf5 Ne6 26. Rf2 g6 27. Qe4 Ng5 28. Bxg5 Bxg5 29. Raf1 Rb7 30. Qd5 Bh6 31. Nd6 Be3 32. Nxb7 Bxf2+ 33. Rxf2 Qe7 34. Nxc5 Qe1+ 35. Kg2 h5 36. Nd7 Qe7 37. Nxf8 Kg7 1-0


[Site "https://www.chess.com"]

[Event "Titled Tuesday Blitz April 25 Early 2023"]
[White "Bekkedahl, Zachary"]
[Black "Shimelkov, Vasiliy"]
[WhiteFideId "2069156"]
[BlackFideId "13701630"]
[WhiteElo "1943"]
[BlackElo "2073"]
[Result "0-1"]
[Round "08"]
[TimeControl "180+2"]
[Date "2023.04.25"]
[WhiteClock "0:00:45"]
[BlackClock "0:01:49"]

1. e4 c5 2. Nf3 Nc6 3. Bb5 e6 4. O-O Nge7 5. c3 a6 6. Ba4 b5 7. Bc2 Bb7 8. d4 cxd4 9. cxd4 d5 10. e5 Nc8 11. a3 Nb6 12. Nc3 Rc8 13. Bg5 Be7 14. Bxe7 Qxe7 15. Qd3 h6 16. Rac1 Nc4 17. Rb1 Na7 18. Nd2 Qc7 19. Nb3 Nxb2 20. Rxb2 Qxc3 21. Qxc3 Rxc3 22. Nc5 Bc8 23. a4 Nc6 24. axb5 axb5 25. Bd3 Nxd4 26. Bxb5+ Nxb5 27. Rxb5 O-O 28. f4 d4 29. Rd1 Rd8 30. Rd2 Rd5 31. Ne4 Rc1+ 32. Kf2 Rxb5 0-1


[Site "https://www.chess.com"]

[Event "Titled Tuesday Blitz April 25 Early 2023"]
[White "Tsyhanchuk, Stanislav"]
[Black "Melikhov, Evgeny V."]
[WhiteFideId "13505130"]
[BlackFideId "4122046"]
[WhiteElo "2173"]
[BlackElo "2158"]
[Result "1-0"]
[Round "08"]
[TimeControl "180+2"]
[Date "2023.04.25"]
[WhiteClock "0:00:04"]
[BlackClock "0:00:21"]

1. e4 c5 2. Nf3 d6 3. d4 cxd4 4. Nxd4 Nf6 5. Nc3 a6 6. Bg5 e6 7. f4 Nbd7 8. Qf3 Qc7 9. O-O-O b5 10. a3 Bb7 11. g4 O-O-O 12. Qe2 Kb8 13. Bg2 Rc8 14. Bxf6 Nxf6 15. e5 Nd5 16. Bxd5 Bxd5 17. Nxd5 exd5 18. e6 fxe6 19. Qxe6 g6 20. Qxd5 Bg7 21. Qb3 Rhe8 22. Kb1 Qc4 23. Rhf1 Bxd4 24. Qxc4 Rxc4 25. b3 Rc3 26. Rxd4 Re2 27. Rc1 Kc7 28. Kb2 Rf3 29. Kb1 Rff2 30. h3 a5 31. Rd3 b4 32. axb4 axb4 33. Rd4 Kc6 34. Rxb4 d5 35. Rd4 Rh2 36. Rd3 Rhf2 37. Rc3+ Kd6 38. Rd1 Rxf4 39. Rdd3 d4 40. Rc4 Kd5 41. Kb2 g5 42. Rc8 Re3 43. Rd8+ Ke4 44. R8xd4+ Kf3 45. Rxe3+ Kxe3 46. Rd3+ Ke2 47. Kc3 h5 48. gxh5 Rh4 49. b4 Rxh5 50. b5 g4 51. hxg4 Rxb5 52. Rg3 Rg5 53. Kd4 Kf2 54. Re3 Rxg4+ 55. Re4 Rg8 56. c4 Rd8+ 57. Kc5 Rc8+ 58. Kb5 Rb8+ 59. Kc6 Rc8+ 60. Kb5 Kf3 61. Rh4 Rb8+ 62. Kc6 Rc8+ 63. Kd7 Rc5 64. Kd6 Rg5 65. c5 Rg6+ 66. Kc7 Rg7+ 67. Kb6 Kg3 68. Rd4 Kf3 69. c6 1-0


[Site "https://www.chess.com"]

[Event "Titled Tuesday Blitz April 25 Early 2023"]
[White "Dwilewicz, Katarzyna"]
[Black "Sarkar, Justin"]
[WhiteFideId "1148486"]
[BlackFideId "2010011"]
[WhiteElo "2065"]
[BlackElo "2189"]
[Result "0-1"]
[Round "08"]
[TimeControl "180+2"]
[Date "2023.04.25"]
[WhiteClock "0:00:16"]
[BlackClock "0:00:06"]

1. e4 c5 2. Nf3 d6 3. Bb5+ Nd7 4. O-O a6 5. Bxd7+ Bxd7 6. d4 cxd4 7. Qxd4 Nf6 8. c4 b5 9. cxb5 axb5 10. Nc3 e5 11. Qd3 b4 12. Nd5 Nxd5 13. Qxd5 Be7 14. Rd1 Ra5 15. Qb3 Ba4 16. Qd3 Bxd1 17. Qxd1 O-O 18. Bd2 Rb5 19. Qe2 Qb6 20. Rc1 Rc5 21. Rd1 Qb5 22. Qe1 Rb8 23. Be3 Rc2 24. Rd5 Qc4 25. Qd1 Rxb2 26. h4 Qxe4 27. Ra5 Rb1 28. Bc1 Rc8 29. Kh2 Rbxc1 30. Qb3 Bxh4 31. Rb5 Bf6 32. Rxb4 Qc2 33. Qe3 e4 34. Rxe4 g6 35. a4 Kg7 36. a5 d5 37. Rf4 d4 38. Nxd4 Bxd4 39. Qxd4+ Kg8 40. a6 Qc7 41. g3 Rc4 42. Qe3 Rxf4 43. gxf4 Ra8 44. Qd3 Qa7 45. Kg2 Qxa6 46. Qd7 Rb8 47. f5 Qb7+ 48. Qxb7 Rxb7 49. Kg3 gxf5 50. Kf4 Rb5 51. f3 Kg7 52. Kg3 Kf6 53. f4 Rb4 54. Kh4 h6 55. Kh5 Rxf4 56. Kxh6 Rh4# 0-1


[Site "https://www.chess.com"]

[Event "Titled Tuesday Blitz April 25 Early 2023"]
[White "Kopczynski, Michal"]
[Black "Nery Junior, Jose Antonio"]
[WhiteFideId "1124200"]
[BlackFideId "2104822"]
[WhiteElo "2212"]
[BlackElo "2197"]
[Result "1-0"]
[Round "08"]
[TimeControl "180+2"]
[Date "2023.04.25"]
[WhiteClock "0:01:49"]
[BlackClock "0:00:02"]

1. e4 c5 2. d4 cxd4 3. c3 d3 4. Bxd3 Nc6 5. f4 d6 6. Nf3 e6 7. O-O a6 8. Kh1 b5 9. Qe1 Bb7 10. Be3 Qc7 11. Nbd2 Nf6 12. Rd1 Be7 13. Qg3 O-O-O 14. a4 bxa4 15. Ra1 d5 16. e5 Ne4 17. Nxe4 dxe4 18. Bxe4 h5 19. Qf2 Rdg8 20. Rxa4 f6 21. Rfa1 fxe5 22. Rxa6 Bxa6 23. Rxa6 Nb8 24. Ra7 Qc4 25. Nxe5 Qxe4 26. Rxe7 Rd8 27. h4 Rhf8 28. Bb6 Rd1+ 29. Kh2 Qxf4+ 30. Qxf4 Rxf4 31. Rc7+ Kd8 32. Rc4+ Ke8 33. Rxf4 Rd5 34. Ng6 Nd7 35. Bd4 e5 36. Nxe5 Nf6 37. b4 Ke7 38. c4 Rd8 39. Nc6+ 1-0


[Site "https://www.chess.com"]

[Event "Titled Tuesday Blitz April 25 Early 2023"]
[White "Jiganchine, Roman"]
[Black "Petrova, Irina"]
[WhiteFideId "2603667"]
[BlackFideId "14124122"]
[WhiteElo "2251"]
[BlackElo "2084"]
[Result "1-0"]
[Round "08"]
[TimeControl "180+2"]
[Date "2023.04.25"]
[WhiteClock "0:00:18"]
[BlackClock "0:00:01"]

1. e4 d6 2. d4 g6 3. Nc3 Bg7 4. Be3 a6 5. Nf3 b5 6. Bd3 Bb7 7. Qd2 Nd7 8. h4 h5 9. O-O-O e6 10. Kb1 Ngf6 11. Ng5 Ng4 12. e5 Bxg2 13. Rhg1 Bb7 14. Nxe6 fxe6 15. Bxg6+ Kf8 16. Bg5 Ngf6 17. f4 b4 18. Ne2 Bf3 19. Rdf1 Bg4 20. f5 dxe5 21. fxe6 Bxe6 22. Qxb4+ Qe7 23. Qd2 Kg8 24. dxe5 Bxa2+ 25. Kxa2 Qxe5 26. Kb1 Rb8 27. Nc3 Rb6 28. Rf5 Qd6 29. Qe2 Nf8 30. Rd1 1-0


[Site "https://www.chess.com"]

[Event "Titled Tuesday Blitz April 25 Early 2023"]
[White "Dzhaparov, Medet"]
[Black "Belenkaya, Dina"]
[WhiteFideId "13803689"]
[BlackFideId "24142654"]
[WhiteElo "1690"]
[BlackElo "2208"]
[Result "0-1"]
[Round "08"]
[TimeControl "180+2"]
[Date "2023.04.25"]
[WhiteClock "0:01:30"]
[BlackClock "0:01:38"]

1. e4 d5 2. exd5 Qxd5 3. Nc3 Qe5+ 4. Nge2 c6 5. d4 Qc7 6. Ng3 Nf6 7. Bc4 e6 8. O-O b5 9. Bb3 Bb7 10. Nce4 Nbd7 11. Nxf6+ Nxf6 12. Bg5 Bd6 13. Qd3 a6 14. c3 c5 15. Bc2 c4 16. Qd2 h6 17. Bxf6 gxf6 18. f4 h5 19. Be4 h4 20. Bxb7 Qxb7 21. Ne2 h3 22. Ng3 O-O-O 23. gxh3 Rxh3 24. Qg2 Qxg2+ 25. Kxg2 Rdh8 26. Rh1 Bxf4 27. Raf1 Bxg3 28. hxg3 Rxh1 29. Rxh1 Rxh1 30. Kxh1 Kd7 31. Kg2 Kd6 32. Kf3 Kd5 33. Kf4 a5 34. g4 b4 35. g5 fxg5+ 36. Kxg5 e5 37. dxe5 Kxe5 0-1


[Site "https://www.chess.com"]

[Event "Titled Tuesday Blitz April 25 Early 2023"]
[White "Levitan, Caleb Levi"]
[Black "littlepillow2010"]
[WhiteFideId "14332620"]
[WhiteElo "1963"]
[BlackElo "2350"]
[Result "0-1"]
[Round "08"]
[TimeControl "180+2"]
[Date "2023.04.25"]
[WhiteClock "0:00:02"]
[BlackClock "0:01:15"]

1. e4 c5 2. Nf3 d6 3. d4 cxd4 4. Qxd4 a6 5. c4 Nc6 6. Qe3 Nf6 7. Nc3 g6 8. Be2 Bg7 9. O-O O-O 10. h3 Nd7 11. b3 Nc5 12. Bb2 Rb8 13. Rab1 f5 14. Rfd1 fxe4 15. Nxe4 Nxe4 16. Qxe4 Bf5 17. Qd5+ e6 18. Qd2 Bxb1 19. Bxg7 Kxg7 20. Rxb1 d5 21. cxd5 Qxd5 22. Qc3+ e5 23. Rd1 Qe6 24. Bc4 Qe7 25. Re1 Rfe8 26. Bd5 Qb4 27. Qe3 Nd4 28. Rd1 Rbd8 29. Nxd4 exd4 30. Qg5 Qc5 31. Bf3 Qxg5 32. Rc1 Qe5 0-1


[Site "https://www.chess.com"]

[Event "Titled Tuesday Blitz April 25 Early 2023"]
[White "Luong Phuong Hanh"]
[Black "Singh, Arvinder Preet"]
[WhiteFideId "12401013"]
[BlackFideId "5013240"]
[WhiteElo "2081"]
[BlackElo "2124"]
[Result "1-0"]
[Round "08"]
[TimeControl "180+2"]
[Date "2023.04.25"]
[WhiteClock "0:02:41"]
[BlackClock "0:01:28"]

1. d4 f5 2. Nf3 Nf6 3. Bf4 e6 4. e3 b6 5. Bc4 Bb7 6. Nbd2 Be7 7. O-O O-O 8. c3 d5 9. Be2 c5 10. h3 Nbd7 11. Ng5 cxd4 12. Nxe6 Qe8 13. exd4 Ne4 14. Nxf8 Nxf8 15. Nxe4 fxe4 16. Bg4 g5 17. Be5 Ng6 18. f4 exf3 19. Be6+ 1-0


[Site "https://www.chess.com"]

[Event "Titled Tuesday Blitz April 25 Early 2023"]
[White "Manon-og, Ramon Jr."]
[Black "Coelho, Ramyres Santana"]
[WhiteFideId "5200776"]
[BlackFideId "2120690"]
[WhiteElo "2337"]
[BlackElo "1888"]
[Result "1-0"]
[Round "08"]
[TimeControl "180+2"]
[Date "2023.04.25"]
[WhiteClock "0:00:30"]
[BlackClock "0:00:03"]

1. e4 c5 2. Nf3 d6 3. Bb5+ Nd7 4. a4 a6 5. Bc4 e6 6. O-O Ngf6 7. Re1 Be7 8. d3 O-O 9. Nc3 Ne5 10. Nxe5 dxe5 11. Bg5 h6 12. Bh4 Nxe4 13. Bxe7 Nxc3 14. Bxd8 Nxd1 15. Be7 Re8 16. Bxc5 Nxb2 17. Bb3 Bd7 18. Ra2 Rec8 19. Bd6 Nxa4 20. Bxa4 Bxa4 21. Rxa4 Rxc2 22. Bxe5 Rac8 23. h3 Rc1 24. Rxc1 Rxc1+ 25. Kh2 f6 26. Bf4 Rc2 27. Be3 Rc3 28. d4 Kf7 29. Kg3 Ke7 30. Kf4 Kd6 31. Ke4 f5+ 32. Kf3 g5 33. g3 e5 34. dxe5+ Kxe5 35. Kg2 Kd5 36. Rd4+ Ke6 37. h4 Rb3 38. hxg5 hxg5 39. Bxg5 b5 40. Bf4 a5 41. Rd6+ Ke7 42. Rd5 a4 43. Rxf5 a3 44. Be5 Ke6 45. Rh5 a2 46. Bh8 Rb1 47. Kf3 b4 48. Ke2 b3 49. Ra5 1-0


[Site "https://www.chess.com"]

[Event "Titled Tuesday Blitz April 25 Early 2023"]
[White "Degtiarev, Evgeny"]
[Black "Quirke, Jeffrey"]
[WhiteFideId "4149610"]
[BlackFideId "2013029"]
[WhiteElo "2284"]
[BlackElo "2228"]
[Result "1-0"]
[Round "08"]
[TimeControl "180+2"]
[Date "2023.04.25"]
[WhiteClock "0:00:13"]
[BlackClock "0:00:01"]

1. d4 e6 2. c4 b6 3. Nc3 Bb4 4. Nf3 Bb7 5. Qc2 f5 6. a3 Bxc3+ 7. Qxc3 Nf6 8. b4 O-O 9. Bb2 a5 10. b5 Ne4 11. Qc2 d6 12. e3 Nd7 13. Bd3 Ndf6 14. O-O Qe8 15. Ne1 Qh5 16. f3 Ng5 17. d5 g6 18. Be2 Qh6 19. Nd3 e5 20. f4 e4 21. fxg5 exd3 22. gxh6 dxc2 23. Rac1 Rae8 24. Bd4 Re4 25. Rxc2 Rh4 26. g3 Rxh6 27. h4 Ne4 28. Kg2 Bc8 29. Bd3 g5 30. Bxe4 fxe4 31. Rxf8+ Kxf8 32. Rf2+ Kg8 33. hxg5 Rg6 34. Bf6 h6 35. Rf4 hxg5 36. Rf1 Bg4 37. Bd8 Bf3+ 38. Kf2 Rg7 39. g4 Rh7 40. Kg3 Kf8 41. Bxg5 Ke8 42. Bf6 Kd7 43. g5 Rh1 44. Rxh1 Bxh1 45. Kf4 Bf3 46. Kf5 1-0


[Site "https://www.chess.com"]

[Event "Titled Tuesday Blitz April 25 Early 2023"]
[White "mohsengabr2002"]
[Black "Floresvillar Gonzalez, Luis Migu"]
[BlackFideId "5100542"]
[WhiteElo "2326"]
[BlackElo "2040"]
[Result "1-0"]
[Round "08"]
[TimeControl "180+2"]
[Date "2023.04.25"]
[WhiteClock "0:00:16"]
[BlackClock "0:00:03"]

1. g3 d5 2. Bg2 c6 3. Nf3 Bg4 4. O-O Nd7 5. b3 h5 6. Bb2 Ngf6 7. h3 Bf5 8. d3 e6 9. Nbd2 Bc5 10. Qe1 Qc7 11. e4 dxe4 12. dxe4 Bg6 13. a3 Qxg3 14. b4 Bb6 15. Nc4 Qc7 16. Nfe5 Nxe5 17. Bxe5 Qe7 18. Nd6+ Kf8 19. c4 Bc7 20. c5 Rd8 21. Rd1 b6 22. f4 bxc5 23. bxc5 Nd7 24. Nf5 Qxc5+ 25. Bd4 Qxa3 26. Nh4 Bb6 27. Nxg6+ fxg6 28. Bxb6 axb6 29. f5 Qc5+ 30. Kh1 gxf5 31. exf5 e5 32. Qh4 Qe7 33. Qg3 Qf6 34. Rd2 h4 35. Qa3+ Kg8 36. Rfd1 Qxf5 37. Bxc6 Kh7 38. Qe3 Nf6 39. Rxd8 Rxd8 40. Rxd8 Qf1+ 41. Kh2 e4 42. Bxe4+ 1-0


[Site "https://www.chess.com"]

[Event "Titled Tuesday Blitz April 25 Early 2023"]
[White "Sovetbekova, Nurai"]
[Black "Sailer, Mike"]
[WhiteFideId "13801910"]
[BlackFideId "2012901"]
[WhiteElo "1857"]
[BlackElo "2109"]
[Result "1-0"]
[Round "08"]
[TimeControl "180+2"]
[Date "2023.04.25"]
[WhiteClock "0:00:11"]
[BlackClock "0:00:03"]

1. d4 d5 2. c4 Bf5 3. cxd5 Bxb1 4. Qa4+ Qd7 5. Qxd7+ Nxd7 6. Rxb1 Ngf6 7. Nf3 Nb6 8. e3 Nbxd5 9. Bd2 Ne4 10. Bc4 e6 11. Rc1 Nxd2 12. Kxd2 Bb4+ 13. Ke2 c6 14. a3 Ba5 15. b4 Bc7 16. b5 cxb5 17. Bxb5+ Ke7 18. Bc4 Rac8 19. Bxd5 exd5 20. Rc5 Bd6 21. Rxd5 Bxa3 22. Rb1 b6 23. Re5+ Kd6 24. Nd2 f6 25. Reb5 Rc1 26. Rxc1 Bxc1 27. Ne4+ Kc6 28. Rb1 Ba3 29. Ra1 Bb2 30. Rxa7 Rg8 31. Kd3 f5 32. Nd2 h6 33. Nc4 Bc1 34. Kc2 b5 35. Ne5+ 1-0


[Site "https://www.chess.com"]

[Event "Titled Tuesday Blitz April 25 Early 2023"]
[White "GregLeBarbare"]
[Black "Todorovic, Bojan"]
[BlackFideId "917087"]
[WhiteElo "2169"]
[BlackElo "2266"]
[Result "0-1"]
[Round "08"]
[TimeControl "180+2"]
[Date "2023.04.25"]
[WhiteClock "0:00:26"]
[BlackClock "0:00:26"]

1. d4 g6 2. Nf3 Bg7 3. c3 d6 4. e4 e5 5. dxe5 dxe5 6. Qxd8+ Kxd8 7. Bc4 f6 8. Ke2 c6 9. Rd1+ Kc7 10. Nbd2 Nd7 11. Nf1 b5 12. Bb3 Nc5 13. Bc2 Be6 14. Be3 Nd7 15. Bb3 Bg4 16. Nd2 f5 17. h3 Bxf3+ 18. Nxf3 f4 19. Bd2 h6 20. c4 bxc4 21. Bxc4 Ngf6 22. Ba5+ Kb7 23. Nd2 Nb6 24. f3 Bf8 25. Bc3 Bd6 26. Bf7 Rhf8 27. Bxg6 Rg8 28. Bf5 Rxg2+ 29. Kf1 Rag8 30. Nb3 Bc7 31. Nc5+ Ka8 32. Ne6 Bb8 33. Be1 Nc4 34. Bf2 Ne3+ 35. Bxe3 fxe3 36. Re1 Rf2# 0-1


[Site "https://www.chess.com"]

[Event "Titled Tuesday Blitz April 25 Early 2023"]
[White "Hartikainen, Jarmo"]
[Black "Pavlidis, Anastasios"]
[WhiteFideId "503134"]
[BlackFideId "4208404"]
[WhiteElo "2153"]
[BlackElo "2210"]
[Result "0-1"]
[Round "08"]
[TimeControl "180+2"]
[Date "2023.04.25"]
[WhiteClock "0:00:01"]
[BlackClock "0:01:58"]

1. e4 g6 2. d4 Bg7 3. Nc3 d5 4. Nxd5 c6 5. Ne3 Qxd4 6. Qxd4 Bxd4 7. c3 Bg7 8. Bc4 Nd7 9. Ne2 Ngf6 10. f3 Ne5 11. O-O Nxc4 12. Nxc4 Be6 13. Na5 Bc8 14. Be3 O-O 15. Rfd1 Ne8 16. Bf4 f5 17. Rd8 fxe4 18. fxe4 Nd6 19. Rxf8+ Bxf8 20. Ng3 Nf7 21. Rd1 e5 22. Be3 Bd6 23. c4 Bc7 24. Bd2 Bg4 25. Re1 Rd8 26. Bc3 Be6 27. b3 Bc8 28. Kf2 Rd3 29. Bb4 c5 30. Ke2 Rd8 31. Bc3 Bg4+ 32. Ke3 Rd6 33. h3 Bc8 34. Re2 Ra6 35. Rd2 Bxa5 36. Bxa5 Rxa5 37. a4 Ra6 38. Rd5 Rc6 39. Ne2 b6 40. Nc3 Rd6 41. Nb5 Rxd5 42. cxd5 a6 43. Nc7 Kf8 44. Kd3 Ke7 45. b4 Kd6 0-1


[Site "https://www.chess.com"]

[Event "Titled Tuesday Blitz April 25 Early 2023"]
[White "Rodriguez Santiago, Jaime"]
[Black "Steenbekkers, Franck"]
[WhiteFideId "3100898"]
[BlackFideId "1004220"]
[WhiteElo "2025"]
[BlackElo "2118"]
[Result "1-0"]
[Round "08"]
[TimeControl "180+2"]
[Date "2023.04.25"]
[WhiteClock "0:01:17"]
[BlackClock "0:01:36"]

1. c4 Nf6 2. Nc3 g6 3. g3 Bg7 4. Bg2 O-O 5. e4 d6 6. Nge2 c5 7. O-O Nc6 8. d3 a6 9. a4 Rb8 10. h3 Bd7 11. Be3 Nd4 12. Nxd4 cxd4 13. Bxd4 Qc8 14. Kh2 Ng4+ 15. hxg4 Bxd4 16. Nd5 Re8 17. Rb1 Bxg4 18. f3 Bd7 19. b4 b5 20. cxb5 axb5 21. a5 Kg7 22. Qd2 h5 23. Rfc1 Qd8 24. Rc2 h4 25. g4 Rh8 26. Bh3 e6 27. Nf4 f5 28. exf5 exf5 29. Nd5 fxg4 30. Bxg4 Bxg4 31. fxg4 Qd7 32. Rc7 Qxc7 33. Nxc7 Rbf8 34. Ne6+ 1-0


[Site "https://www.chess.com"]

[Event "Titled Tuesday Blitz April 25 Early 2023"]
[White "Butolo, Alexandru-Mircea"]
[Black "Gonzalez, Francisco Silva"]
[WhiteFideId "1261649"]
[BlackFideId "1512285"]
[WhiteElo "1861"]
[BlackElo "2074"]
[Result "0-1"]
[Round "08"]
[TimeControl "180+2"]
[Date "2023.04.25"]
[WhiteClock "0:00:09"]
[BlackClock "0:01:34"]

1. Nf3 d5 2. g3 g6 3. Bg2 Bg7 4. O-O e5 5. d3 Ne7 6. Nbd2 Nbc6 7. e4 O-O 8. c3 a5 9. Qc2 Re8 10. Re1 h6 11. Nf1 d4 12. c4 g5 13. h3 Ng6 14. N1h2 Be6 15. Nf1 Qd7 16. g4 Nf4 17. Ng3 Nb4 18. Qd1 Nbxd3 19. Bxf4 Nxf4 20. Nf5 Bxc4 21. h4 f6 22. Rc1 Be6 23. hxg5 hxg5 24. Bf1 b5 25. Kh2 Bf8 26. Kg3 c5 27. Bg2 a4 28. Rh1 Bxa2 29. Rh2 Bf7 30. Qh1 Bg6 31. Rh8+ Kf7 32. Nh6+ Ke6 33. Nf5 c4 34. Qh2 Bb4 35. Rh1 Rxh8 36. Ng7+ Qxg7 0-1


[Site "https://www.chess.com"]

[Event "Titled Tuesday Blitz April 25 Early 2023"]
[White "Tymrakiewicz, Rafal"]
[Black "Kohler, Aran"]
[WhiteFideId "1108832"]
[BlackFideId "1002856"]
[WhiteElo "2151"]
[BlackElo "2279"]
[Result "0-1"]
[Round "08"]
[TimeControl "180+2"]
[Date "2023.04.25"]
[WhiteClock "0:00:07"]
[BlackClock "0:00:25"]

1. e4 c6 2. d4 d5 3. e5 c5 4. f4 cxd4 5. Nf3 Nc6 6. a3 Bg4 7. h3 Bxf3 8. Qxf3 e6 9. Bd3 a5 10. O-O Bc5 11. Nd2 Nge7 12. g4 h5 13. Qg3 hxg4 14. hxg4 Ng6 15. Nf3 Qe7 16. Bd2 O-O-O 17. Rfe1 Nh4 18. Ng5 Rde8 19. Kf2 Nd8 20. b4 Ba7 21. Rh1 f6 22. Rxh4 fxg5 23. Rxh8 Rxh8 24. f5 a4 25. Kg2 Rh4 26. Rf1 Bb8 27. f6 gxf6 28. exf6 Qf7 29. Qxh4 gxh4 30. g5 Qh5 31. Kh3 Nf7 32. g6 Ng5+ 33. Bxg5 Qxg5 34. Rf3 Qg1 0-1


[Site "https://www.chess.com"]